 Dungeon Crawl Stone Soup version 0.29.1-1-gd02db6906a (webtiles) character file.

Game seed: 8019355288532931847

2898 Earthwalker the Protected (level 9, -2/79 HPs)
             Began as a Minotaur Fighter on Oct 11, 2022.
             Was a Priest of Okawaru.
             Succumbed to a hornet's poison
             ... on level 8 of the Dungeon.
             The game lasted 00:23:18 (9284 turns).

Earthwalker the Protected (Minotaur Fighter)        Turns: 9284, Time: 00:23:18

Health: -2/79      AC: 17    Str: 25    XL:     9   Next: 49%
Magic:  17/17      EV:  9    Int:  5    God:    Okawaru [***...]
Gold:   279        SH:  6    Dex: 16    Spells: 8/8 levels left

rFire   . . .      SeeInvis .   a - +0 trident
rCold   . . .      Faith    .   c - +0 buckler
rNeg    . . .      Spirit   .   J - +0 plate armour
rPois   .          Reflect  .   (helmet restricted)
rElec   .          Harm     .   I - +1 cloak
rCorr   .          Rampage  .   (no gloves)
Will    .....                   (no boots)
Stlth   ..........              (no amulet)
HPRegen 0.23/turn               s - ring of magical power
MPRegen 0.15/turn               C - +6 ring of dexterity

@: lethally poisoned (-2 -> -17), slowed, studying Armour, very slow
A: horns 2, retaliatory headbutt
a: Renounce Religion, Heroism


You were on level 8 of the Dungeon.
You worshipped Okawaru.
Okawaru was most pleased with you.
You visited 1 branch of the dungeon, and saw 8 of its levels.

You collected 279 gold pieces.

Inventory:

Hand Weapons
 a - a +0 trident (weapon)
 t - a +1 shortbow of flaming
 D - a +4 halberd
Missiles
 j - 7 boomerangs (quivered)
 F - 6 poisoned darts
 L - a throwing net
Armour
 b - a +0 scale mail
 c - a +0 buckler (worn)
 n - the +0 ring mail of Limited Liability {rC+}
   (You found it on level 4 of the Dungeon)

   rC:        It protects you from cold.
 v - a +0 scale mail of poison resistance
 I - a +1 cloak (worn)
 J - a +0 plate armour (worn)
 M - the +2 robe of Gora Rae {Contam rF+ rC++ Int+4}
   (You found it on level 8 of the Dungeon)

   Int:       It affects your intelligence (+4).
   rF:        It protects you from fire.
   rC:        It greatly protects you from cold.
   Contam:    It causes magical contamination when unequipped.
Jewellery
 s - a ring of magical power (left hand)
 C - a +6 ring of dexterity (right hand)
 K - an amulet of the acrobat
Wands
 l - a wand of mindburst (9)
Scrolls
 e - 2 scrolls of enchant weapon {unknown}
 f - a scroll of fog {unknown}
 h - 3 scrolls of teleportation {unknown}
 i - a scroll of fear {unknown}
 m - a scroll of brand weapon {unknown}
 o - 2 scrolls of acquirement {unknown}
 p - 3 scrolls of blinking {unknown}
 r - 5 scrolls of identify {unknown}
 w - a scroll of magic mapping {unknown}
 y - 2 scrolls of amnesia {unknown}
 A - a scroll of poison {unknown}
 E - a scroll of torment {unknown}
Potions
 d - a potion of might
 g - 3 potions of haste
 k - 5 potions of curing {unknown}
 q - a potion of degeneration {unknown}
 u - 4 potions of brilliance {unknown}
 x - a potion of flight {unknown}
 z - 4 potions of magic {unknown}
 B - 2 potions of mutation {unknown}
 G - a potion of heal wounds {unknown}
 H - a potion of resistance {unknown}


   Skills:
 * Level 7.1 Fighting
 * Level 9.5 Polearms
 * Level 11.4 Armour
 * Level 4.6 Dodging
 * Level 6.6 Shields


You had 8 spell levels left.
You didn't know any spells.
Your spell library contained the following spells:

 Spells                   Type           Power      Damage    Failure   Level
 Sandblast                Erth           0%         2d4       99%         1
 Passwall                 Tmut/Erth      0%         N/A       100%        2
 Conjure Flame            Conj/Fire      0%         6-21      100%        3
 Ignite Poison            Fire/Tmut/Pois 0%         N/A       100%        3
 Inner Flame              Hex/Fire       0%         N/A       100%        3
 Stone Arrow              Conj/Erth      0%         3d7       100%        3
 Cause Fear               Hex            0%         N/A       100%        4
 Sticky Flame             Conj/Fire      0%         2d3       100%        4
 Discord                  Hex            0%         N/A       100%        8


Dungeon Overview and Level Annotations

Branches:
Dungeon (8/15)             Temple (0/1) D:5
   Lair: D:8-11

Altars:
Fedhas
Kikubaaqudgha
Makhleb
Nemelex Xobeh
Okawaru
Qazlal
Trog
Zin

Shops:
D:4 (   D:5 =

Annotations:
D:3 2 transporters, rubinsalamander's ghost, amateur GnWn
D:6 2 transporters, koeememe's ghost, novice TeAE


Innate Abilities, Weirdness & Mutations

You have a pair of horns on your head.
You reflexively headbutt those who attack you in melee.


Message History

You barely miss the hornet.
You headbutt the hornet, but do no damage.
The hornet is severely wounded.
You feel sick. The hornet stings you!
You suddenly lose the ability to move!
The hornet stings you but does no damage.
You feel sick.
The hornet stings you but does no damage.
You feel sick. The hornet stings you.
You are more poisoned.
You feel yourself slow down. The hornet barely misses you.
You feel yourself speed up.
You feel very sick.
The hornet stings you but does no damage.
You can move again.
You are too injured to fight recklessly!
You are too injured to fight recklessly!
You are too injured to fight recklessly!
You hit the hornet but do no damage. Your headbutt misses the hornet.
The hornet is heavily wounded.
You feel sick. The hornet stings you.
* * * LOW HITPOINT WARNING * * *
You feel yourself slow down.
You barely miss the hornet.
The hornet is heavily wounded.
You feel very sick. The hornet stings you.
* * * LOW HITPOINT WARNING * * *
You are lethally poisoned!
You feel as though you will be slow longer.
The hornet stings you but does no damage.
You hit the hornet but do no damage.
The hornet is heavily wounded.
* * * LOW HITPOINT WARNING * * *
You feel very sick. The hornet stings you.
* * * LOW HITPOINT WARNING * * *
You shrug off the repeated paralysis!
You block the hornet's attack.
You barely miss the hornet. Your headbutt misses the hornet.
The hornet is heavily wounded.
You die...

.'.....#.. ..<...8#
.#.....#....# ......
.#.....#....# ......
###'####....# .....
.......#....###...
.......#........#####
.......#........#...#
##.....#........#y..#
##.....#........@...#
##.....#........#...#
.......#........#+###
.......'........#
########........#
................#
................#
......[.........#
................#


You could see a hornet.

Vanquished Creatures
  A slime creature (D:7)
  Sigmund (D:3)
  Eustachio (D:5)
  A steam dragon (D:7)
  An orc warrior (D:7)
  An ice beast (D:6)
  2 black bears
  An ogre (D:4)
  3 centaurs
  A kobold brigand (D:5)
  3 scorpions
  4 bullfrogs
  A gnoll sergeant (D:8)
  A necrophage (D:8)
  4 killer bees
  A crimson imp (D:5)
  7 hounds
  A jelly (D:8)
  2 orc priests
  A gnoll bouda (D:6)
  3 iguanas
  5 orc wizards
  8 gnolls
  7 adders
  A shadow imp (D:5)
  3 white imps
  3 ufetubi
  A dart slug (D:5)
  16 orcs
  4 ball pythons
  4 endoplasms
  5 giant cockroaches
  4 goblins
  8 hobgoblins
  5 kobolds
  5 quokkas
  4 bats
  5 frilled lizards
  3 rats
132 creatures vanquished.

Notes
Turn   | Place    | Note
-------+----------+-------------------------------------------
     0 | D:1      | Earthwalker the Minotaur Fighter began the quest for the
                  | Orb.
     0 | D:1      | Reached XP level 1. HP: 19/19 MP: 0/0
    64 | D:1      | Reached XP level 2. HP: 27/27 MP: 1/1
   275 | D:1      | Reached skill level 4 in Armour
  1146 | D:2      | Reached XP level 3. HP: 29/33 MP: 2/2
  2098 | D:3      | Found an ancient bone altar of Kikubaaqudgha.
  2115 | D:3      | Noticed Sigmund
  2118 | D:3      | Reached skill level 1 in Dodging
  2138 | D:3      | Killed Sigmund
  2139 | D:3      | Reached skill level 5 in Armour
  2139 | D:3      | Reached XP level 4. HP: 26/40 MP: 3/3
  2139 | D:3      | Reached XP level 5. HP: 30/46 MP: 4/4
  2293 | D:3      | Found a faded altar of an unknown god.
  2293 | D:3      | Found a faded altar of an unknown god.
  2301 | D:3      | Found a blossoming altar of Fedhas.
  2303 | D:3      | Found a glowing silver altar of Zin.
  2305 | D:3      | Found a stormy altar of Qazlal.
  2364 | D:3      | Found an iron altar of Okawaru.
  2372 | D:3      | Became a worshipper of Warmaster Okawaru
  2514 | D:3      | Found a bloodstained altar of Trog.
  2703 | D:3      | Found a transporter.
  2706 | D:3      | Noticed rubinsalamander's ghost (amateur GnWn)
  2707 | D:3      | Found a transporter.
  2916 | D:4      | Identified the +0 ring mail of Limited Liability {rC+}
  3050 | D:4      | Found Inij's Weapon Shoppe.
  3169 | D:4      | Found a burning altar of Makhleb.
  3359 | D:4      | Reached skill level 5 in Polearms
  3359 | D:4      | Reached XP level 6. HP: 46/53 MP: 5/5
  4556 | D:5      | Entered Level 5 of the Dungeon
  4585 | D:5      | Reached skill level 6 in Armour
  4969 | D:5      | Reached * piety under Okawaru
  4970 | D:5      | Reached XP level 7. HP: 53/60 MP: 6/6
  4990 | D:5      | Found a sparkling altar of Nemelex Xobeh.
  5020 | D:5      | Reached skill level 7 in Armour
  5182 | D:5      | Reached skill level 5 in Fighting
  5182 | D:5      | Reached skill level 5 in Shields
  5222 | D:5      | Reached skill level 8 in Armour
  5323 | D:5      | Reached XP level 8. HP: 62/68 MP: 7/7
  5382 | D:5      | Noticed Eustachio
  5404 | D:5      | Killed Eustachio
  6184 | D:5      | Found Ethrioty's Jewellery Shop.
  6261 | D:5      | Found a staircase to the Ecumenical Temple.
  6600 | D:6      | Reached skill level 9 in Armour
  6869 | D:6      | Reached ** piety under Okawaru
  6958 | D:6      | Found a transporter.
  6971 | D:6      | Noticed koeememe's ghost (novice TeAE)
  7079 | D:6      | Found a transporter.
  7303 | D:6      | Reached skill level 10 in Armour
  7918 | D:7      | Reached XP level 9. HP: 48/78 MP: 8/8
  8396 | D:7      | Reached skill level 11 in Armour
  9033 | D:8      | Identified the +2 robe of Gora Rae {Contam rF+ rC++ Int+4}
  9060 | D:8      | Reached *** piety under Okawaru
  9277 | D:8      | Paralysed by a hornet for 3 turns
  9283 | D:8      | HP: 3/79 [hornet (3)]
  9284 | D:8      | Succumbed to a hornet's poison

Illustrated notes

Levels and vault maps discovered:
D:1:      minmay_arrival_loop, layout_loops_corners
D:2:      layout_basic
D:3:      layout_basic, okawaru_trees_2, lightli_temple_of_fire,
          lemuel_crystal_altar, chequers_temple_overflow_minitemple,
          gammafunk_ghost_mausoleum, minmay_ruptured, uniq_sigmund
D:4:      layout_layer_cave, bloody_makhleb, serial_shops, shop_fountains
D:5:      minmay_octagon_keep, layout_loops_ring, mainiacjoe_overflow_catwalk,
          minmay_temple_entry_fiery, serial_shops, shop, minmay_fire_ice_demons,
          uniq_eustachio
D:6:      layout_basic, gammafunk_ghost_stat_death
D:7:      lemuel_ice_spiral_2, layout_basic, serial_rivers,
          chequers_serial_rivers_micro_e, chequers_serial_rivers_large_b,
          chequers_serial_rivers_small_a, chequers_serial_rivers_small_b,
          minivault_1
D:8:      layout_gridville, serial_shops, nicolae_stop_n_shop_1

Skill      XL: |  1  2  3  4  5  6  7  8  9 |
---------------+----------------------------+-----
Armour         | 4 5 6 8 10 11 | 11.4
Fighting       | 4 5 6 7 |  7.1
Shields        | 4 5 6 |  6.6
Dodging        | 1 2 3 4 |  4.6
Polearms       | 4 5 7 8 9 |  9.5

Action                   |  1- 3 |  4- 6 |  7- 9 || total
-------------------------+-------+-------+-------++-------
Melee: Trident           |    91 |   132 |   301 ||   524
       Headbutt          |     6 |    13 |    58 ||    77
Throw: Boomerang         |       |     1 |     9 ||    10
Armor: Scale mail        |    23 |    45 |    68 ||   136
       Plate armour      |       |       |    37 ||    37
Dodge: Dodged            |    26 |    58 |    97 ||   181
Block: Buckler           |    14 |    20 |    75 ||   109
